 Dungeon Crawl Stone Soup version 0.31-a0-1447-g87ca8d402b (webtiles) character file.

Game seed: 13080178998893962750

631 Aldia the Twirler (level 7, 46/56 HPs)
             Began as a Formicid Fighter on Dec 27, 2023.
             Quit the game in the Ecumenical Temple.
             The game lasted 00:05:38 (3658 turns).

Aldia the Twirler (Formicid Fighter)                Turns: 3658, Time: 00:05:38

Health: 46/56      AC:  8    Str: 22    XL:     7   Next: 78%
Magic:  7/7        EV:  9    Int:  8    God:
Gold:   73         SH:  5    Dex: 13    Spells: 6/6 levels left

rFire   . . .        a - +1 quarterstaff (chaos)
rCold   . . .        c - +0 buckler
rNeg    + . .        b - +0 scale mail
rPois   +            (helmet unavailable)
rElec   .            (no cloak)
rCorr   .            h - +0 pair of gloves
SInv    +            (no boots)
Will    .....        (no amulet) Stlth
                     e - ring of poison resistance
HPRegen 0.29/turn    g - ring of positive energy
MPRegen 0.10/turn

%: no passive effects
@: no status effects
A: permanent stasis, dig shafts and tunnels, antennae 3, four strong arms
a: Dig


You were in the Ecumenical Temple.
You visited 2 branches of the dungeon, and saw 6 of its levels.
You also visited: Sewer.

You collected 161 gold pieces.
You spent 88 gold pieces at shops.

Inventory:

Hand Weapons
 a - a +1 quarterstaff of chaos (weapon)
Missiles
 s - a throwing net
Armour
 b - a +0 scale mail (worn)
 c - a +0 buckler (worn)
 h - a +0 pair of gloves (worn)
Jewellery
 e - a ring of poison resistance (left hand)
 g - a ring of positive energy (right hand)
 u - a ring of wizardry
Scrolls
 f - a scroll of brand weapon
 i - 4 scrolls of enchant weapon
Potions
 d - 2 potions of might
 j - a potion of curing
 l - 4 potions of mutation
 n - a potion of cancellation {unknown}
 q - a potion of enlightenment
 r - a potion of resistance {unknown}
 v - a potion of lignification {unknown}
 w - 2 potions of heal wounds


   Skills:
 + Level 5.4 Fighting
 * Level 5.8 Staves
 + Level 5.4 Armour
 - Level 4.0 Shields


You had 6 spell levels left.
You didn't know any spells.
Your spell library was empty.

Dungeon Overview and Level Annotations

Branches:
Dungeon (5/15)             Temple (1/1) D:5           Sewer (visited)

Altars:
Ashenzari
Cheibriados
Elyvilon
Fedhas
Gozag
Hepliaklqana
Kikubaaqudgha
Nemelex Xobeh
Okawaru
Qazlal
Uskayaw
Vehumet
Wu Jian
Xom
Yredelemnul
Zin
The Shining One

Shops:
D:4 *!

Annotations:
Temple 4 transporters


Innate Abilities, Weirdness & Mutations

You cannot be hasted, slowed, berserked, paralysed or teleported.
You can dig through walls and to a lower floor.
You have a pair of large antennae on your head. (SInv)
Your four strong arms can wield two-handed weapons with a shield.


Message History

The white imp gestures at you. The puff of frost misses you.
Found a staircase to the Ecumenical Temple.
The white imp gestures at you. You block the puff of frost.
The white imp gestures at you. The puff of frost misses you.
The white imp gestures at you. The puff of frost hits you.
You barely miss the white imp. The white imp barely misses you.
You hit the white imp but do no damage.
The white imp suddenly seems more resistant.
The white imp hits you but does no damage.
You closely miss the white imp. The white imp barely misses you.
You hit the white imp.
The white imp evaporates and reforms as a crimson imp!
The crimson imp is moderately wounded.
You miss the crimson imp.
The crimson imp is moderately wounded.
The crimson imp blinks!
You hit the crimson imp.
The crimson imp is lightly wounded.
The crimson imp hits you but does no damage.
You sock the crimson imp!
You kill the crimson imp!
No target in view!
No target in view!
There is a staircase to the Ecumenical Temple here.
You climb downwards.
Welcome to the Ecumenical Temple!
Found six altars.
Found a staircase back to the Dungeon.
Found two transporters.
There is a staircase back to the Dungeon here.
Found two transporters.
Found an ornate altar of the Wu Jian Council.
Found a broken altar of Ashenzari and a stormy altar of Qazlal.
Search for what [? for help]? staff Unknown command.
Unknown command.
Okay, then.
Unknown command.
Are you sure you want to abandon this character and quit the game? (Confirm with "yes".)

###...#...#...###
##_....#...#_....##
#......#...#......#
#......#...#..._..#
#......#...#......#
#.....©#©.©#©.....#
#_.....#8.8#......#
#.....©#©.©#©.....#
#..._..#.@.#..._..#
#......#...#......#
#....._#...#_.....#
##.....#...#.....##
###...#...#...###
##..#...#..##
##_#.<.#_##
###...### #####


There were no monsters in sight!

Vanquished Creatures
  An ice beast (Sewer)
  An ogre (D:3)
  2 brain worms (Sewer)
  A kobold brigand (D:5)
  A crimson imp (D:5)
  A bombardier beetle (D:4)
  6 adders
  6 river rats
  A shadow imp (D:5)
  A worm (D:5)
  A dart slug (D:1)
  2 orcs
  7 bats
  4 endoplasms
  5 giant cockroaches
  3 hobgoblins
  4 jackals
  2 quokkas (D:1)
  7 ball pythons
  7 frilled lizards
  11 goblins
  10 kobolds
  5 rats
89 creatures vanquished.

Vanquished Creatures (others)
  5 dream sheep (D:3)
5 creatures vanquished.

Grand Total: 94 creatures vanquished

Notes
Turn   | Place    | Note
-------+----------+-------------------------------------------
     0 | D:1      | Aldia the Formicid Fighter began the quest for the Orb.
     0 | D:1      | Reached XP level 1. HP: 18/18 MP: 1/1
   103 | D:1      | Reached XP level 2. HP: 19/24 MP: 2/2
   543 | D:1      | Reached XP level 3. HP: 29/29 MP: 3/3
   998 | D:2      | Identified the +1 leather armour of the Hunter {*Slow rF+++
                  | rCorr Dex+3}
  1547 | D:3      | Reached XP level 4. HP: 37/37 MP: 4/4
  1551 | D:3      | Found an ancient bone altar of Kikubaaqudgha.
  1652 | D:3      | Noticed an ogre
  1675 | D:3      | Killed an ogre
  1676 | D:3      | Reached XP level 5. HP: 23/42 MP: 5/5
  2245 | D:3      | Noticed a dream sheep
  2245 | D:3      | Noticed a dream sheep
  2245 | D:3      | Noticed a dream sheep
  2245 | D:3      | Noticed a dream sheep
  2245 | D:3      | Noticed a dream sheep
  2245 | D:3      | Found a shimmering altar of Xom.
  2247 | D:3      | Killed a dream sheep
  2247 | D:3      | Killed a dream sheep
  2247 | D:3      | Killed a dream sheep
  2247 | D:3      | Killed a dream sheep
  2247 | D:3      | Killed a dream sheep
  2464 | D:4      | Found Nuome's Distillery.
  2464 | D:4      | Found a hazy altar of Hepliaklqana.
  2466 | D:4      | Found Zewes's Overcharged Wands.
  2501 | D:4      | Bought a potion of curing for 33 gold pieces
  2501 | D:4      | Bought a potion of heal wounds for 55 gold pieces
  2513 | D:5      | Entered Level 5 of the Dungeon
  2556 | D:5      | Found a glowing golden altar of the Shining One.
  2616 | D:5      | Found a glowing drain.
  2626 | D:5      | Reached XP level 6. HP: 32/49 MP: 6/6
  2645 | Sewer    | Entered a sewer
  2910 | Sewer    | a kobold brigand changed into an ice beast
  2910 | Sewer    | Noticed an ice beast
  2911 | Sewer    | Killed an ice beast
  2939 | Sewer    | Reached skill level 5 in Staves
  2939 | Sewer    | Reached skill level 5 in Armour
  2939 | Sewer    | Reached XP level 7. HP: 39/55 MP: 4/7
  3064 | Sewer    | Reached skill level 5 in Fighting
  3634 | D:5      | Found a staircase to the Ecumenical Temple.
  3651 | Temple   | Found a transporter.
  3651 | Temple   | Found a transporter.
  3651 | Temple   | Found a transporter.
  3651 | Temple   | Found a transporter.
  3651 | Temple   | Entered the Ecumenical Temple
  3658 | Temple   | Quit the game

Illustrated notes

Levels and vault maps discovered:
D:1:      heliophobic_arrival_ceremonial_halls, layout_basic
D:2:      layout_basic, hangedman_glass_teeth, minmay_misc_feat_pillars
D:3:      layout_loops_corners, kb_xom_exploding_sheep, kiku_gazebo_pond_becter,
          minmay_ogre_servants
D:4:      layout_gridville, nzn_hepliaklqana_mist_gate, serial_shops,
          nicolae_shop_industrial_runoff, nicolae_shop_overcharged_wands
D:5:      layout_cave_pods, mainiacjoe_overflow_cross_hatched, kennysheep_mini,
          minmay_temple_entry_arrows, cheibrodos_sewer_entry_sluice,
          chequers_serial_rivers_small_a, feat_on_display
Temple:   hellmonk_temple_divided_pantheon

Skill      XL: |  1  2  3  4  5  6  7 |
---------------+----------------------+-----
Staves         | 3 4 5 |  5.8
Fighting       | 4 5 |  5.4
Armour         | 4 5 |  5.4
Shields        | |  4.0

Action                     |  1- 3 |  4- 6 |  7- 9 || total
---------------------------+-------+-------+-------++-------
  Melee: Quarterstaff      |   101 |   119 |    54 ||   274
    Use: Scroll            |     5 |     7 |     1 ||    13
         Potion            |       |     1 |       ||     1
 Armour: Scale mail        |    70 |    83 |    22 ||   175
  Dodge: Dodged            |    51 |    53 |    24 ||   128
  Block: Buckler           |    22 |    39 |    12 ||    73

Table legend: (Time is in decaauts)
 A = Elapsed time spent in this place.
 B = Non-inter-level travel time spent in this place.
 C = Inter-level travel time spent in this place.
 D = Time resting spent in this place.
 E = Time spent auto-exploring this place.
 F = Levels seen in this place.
 G = Mean time per level.
                   A        B        C        D        E       F      G
               +--------+--------+--------+--------+--------+-----+--------+
         Total |   3846 |   3719 |    127 |      0 |   3015 |   7 |  549.4 |
       Dungeon |   2749 |   2622 |    127 |      0 |   2100 |   5 |  549.8 |
        Temple |      6 |      6 |      0 |      0 |      0 |   1 |    6.0 |
         Sewer |   1091 |   1091 |      0 |      0 |    915 |   1 | 1091.0 |
               +--------+--------+--------+--------+--------+-----+--------+

Top non-repeatable levels by time:
   Sewer: 1091 daAuts
     D:3: 1043 daAuts
     D:2: 754 daAuts
     D:1: 684 daAuts
     D:5: 211 daAuts
     D:4: 55 daAuts
  Temple: 6 daAuts
